IL
SACRAMENTO RIVER CATS @ LOUISVILLE BATS
09/03/2048
 
TOP OF THE 1ST
Sacramento River Cats batting - Pitching for Louisville Bats : LHP Ed Chavez
Pitching: LHP Ed Chavez
Batting: LHB Mason Duffy 0-0: Foul Ball, location: 2F
0-1: Ball
1-1: Called Strike
1-2: Foul Ball, location: 2F
1-2: Foul Ball, location: 2F
1-2: Ground out 2-3 (Groundball, 2L, EV 74.4 MPH)
Batting: RHB Dave Crouch 0-0: Ball
1-0: Foul Ball, location: 2F
1-1: Swinging Strike
1-2: Ground out U3 (Groundball, 34S, EV 80.6 MPH)
Batting: RHB Hugo Zacarias 0-0: Ball
1-0: Ball
2-0: Ball
3-0: Base on Balls
Batting: RHB Brian Rogers 0-0: Called Strike
0-1: Swinging Strike
0-2: Ball
1-2: DOUBLE (Line Drive, 89D, EV 105.0 MPH)
Hugo Zacarias to third
Runner from 3rd tries for Home, SAFE, no throw by CF
Batting: RHB Tyler Mapes 0-0: Ground out 4-3 (Groundball, 4, EV 106.9 MPH)
Top of the 1st over - 1 run, 1 hit, 0 errors, 1 left on base; Sacramento 1 - Louisville 0
BOTTOM OF THE 1ST
Louisville Bats batting - Pitching for Sacramento River Cats : RHP George Kellum
Pitching: RHP George Kellum
Batting: SHB Paul Sandoval 0-0: Ball
1-0: SINGLE (Groundball, 56D, EV 107.5 MPH)
Batting: RHB Won-jun Park 0-0: Ball
1-0: Called Strike
1-1: Called Strike
Paul Sandoval is caught stealing 2nd base 2-4
1-2: Ball
2-2: Foul Ball, location: 2F
2-2: Strikes out swinging
Batting: RHB Bruno André 0-0: Called Strike
0-1: Fly out, F7 (Flyball, 78M, EV 78.1 MPH)
Bottom of the 1st over - 0 runs, 1 hit, 0 errors, 0 left on base; Sacramento 1 - Louisville 0
TOP OF THE 2ND
Sacramento River Cats batting - Pitching for Louisville Bats : LHP Ed Chavez
Batting: LHB Ryan Braden 0-0: Swinging Strike
0-1: Ground out 6-3 (Groundball, 6, EV 83.8 MPH)
Batting: RHB Justin Baldwin 0-0: Called Strike
0-1: SINGLE (Groundball, 6, EV 98.1 MPH)
Batting: RHB Matt Shepard 0-0: Ball
1-0: Called Strike
1-1: Grounds into double play, 4-6-3 (Groundball, 4D, EV 108.8 MPH)
Top of the 2nd over - 0 runs, 1 hit, 0 errors, 0 left on base; Sacramento 1 - Louisville 0
BOTTOM OF THE 2ND
Louisville Bats batting - Pitching for Sacramento River Cats : RHP George Kellum
Batting: SHB Freddie Farrar 0-0: Ground out U3 (Groundball, 3, EV 86.2 MPH)
Batting: RHB Jonathan Robies 0-0: Called Strike
0-1: DOUBLE (Flyball, 8LXD, EV 108.8 MPH) - OUT at third base trying to stretch hit.
Batting: RHB Juan Reyes 0-0: Ball
1-0: DOUBLE (Groundball, 5L, EV 104.4 MPH)
Batting: LHB Satoru Handa 0-0: Foul Ball, location: 2F
0-1: Foul Ball, location: 2F
0-2: Foul Ball, location: 2F
0-2: Ball
1-2: Ball
2-2: Foul Ball, location: 2F
2-2: SINGLE (Groundball, 34D, EV 95.0 MPH)
Juan Reyes to third
Runner from 3rd tries for Home, throw by RF and OUT! 9-2
Bottom of the 2nd over - 0 runs, 3 hits, 0 errors, 1 left on base; Sacramento 1 - Louisville 0
TOP OF THE 3RD
Sacramento River Cats batting - Pitching for Louisville Bats : LHP Ed Chavez
Batting: LHB Willie Ceniceros 0-0: Ground out 6-3 (Groundball, 4M, EV 100.0 MPH)
Batting: LHB Mason Duffy 0-0: Swinging Strike
0-1: Foul Ball, location: 2F
0-2: Ball
1-2: Strikes out looking
Batting: RHB Dave Crouch 0-0: Called Strike
0-1: Ball
1-1: Foul Ball, location: 2F
1-2: Ball
2-2: Ball
3-2: Fly out, F9 (Flyball, 9D, EV 110.6 MPH)
Top of the 3rd over - 0 runs, 0 hits, 0 errors, 0 left on base; Sacramento 1 - Louisville 0
BOTTOM OF THE 3RD
Louisville Bats batting - Pitching for Sacramento River Cats : RHP George Kellum
Batting: RHB Colin Lord 0-0: Foul Ball, location: 2F
0-1: SINGLE (Groundball, 4MD, EV 97.5 MPH)
Batting: RHB Jay Jacobson 0-0: Ball
1-0: Ball
2-0: Foul Ball, location: 2F
2-1: Foul Ball, location: 2F
2-2: SINGLE (Line Drive, 8RS, EV 88.8 MPH)
Colin Lord to second
Batting: SHB Paul Sandoval 0-0: Foul Ball, location: 2F
0-1: Swinging Strike
0-2: Fielders Choice at 2nd, 6-4 (Groundball, 56, EV 80.0 MPH)
Colin Lord to third
Batting: RHB Won-jun Park 0-0: Ball
1-0: Ball
2-0: Foul Ball, location: 2F
2-1: Ball
3-1: Called Strike
3-2: Base on Balls
Paul Sandoval to second
Batting: RHB Bruno André 0-0: Ball
1-0: Called Strike
1-1: Ball
2-1: Ball
3-1: Called Strike
3-2: Base on Balls
Colin Lord scores
Paul Sandoval to third
Won-jun Park to second
Batting: SHB Freddie Farrar 0-0: Called Strike
0-1: Ball
1-1: Ball
2-1: Foul Ball, location: 2F
2-2: Strikes out looking
Batting: RHB Jonathan Robies 0-0: Called Strike
0-1: SINGLE (Groundball, 4MD, EV 106.9 MPH)
Paul Sandoval scores
Won-jun Park to third
Bruno André to second
Runner from 3rd tries for Home, SAFE, throw by CF to home
Bruno André to third
Jonathan Robies to second
Batting: RHB Juan Reyes 0-0: Ball
1-0: Foul Ball, location: 2F
1-1: Ball
2-1: Called Strike
2-2: Strikes out swinging
Bottom of the 3rd over - 3 runs, 3 hits, 0 errors, 2 left on base; Sacramento 1 - Louisville 3
TOP OF THE 4TH
Sacramento River Cats batting - Pitching for Louisville Bats : LHP Ed Chavez
Batting: RHB Hugo Zacarias 0-0: Called Strike
0-1: Called Strike
0-2: Strikes out looking
Batting: RHB Brian Rogers 0-0: Called Strike
0-1: Foul Ball, location: 2F
0-2: Foul Ball, location: 2F
0-2: Foul Ball, location: 2F
0-2: Strikes out swinging
Batting: RHB Tyler Mapes 0-0: Ground out 3-1 (Groundball, 34, EV 84.4 MPH)
Top of the 4th over - 0 runs, 0 hits, 0 errors, 0 left on base; Sacramento 1 - Louisville 3
BOTTOM OF THE 4TH
Louisville Bats batting - Pitching for Sacramento River Cats : RHP George Kellum
Batting: LHB Satoru Handa 0-0: Ball
1-0: SINGLE (Groundball, 56D, EV 101.9 MPH)
Batting: RHB Colin Lord Pickoff Throw to First - Out! 1-3 CS
0-0: Ball
1-0: Called Strike
1-1: Ball
2-1: Foul Ball, location: 2F
2-2: Foul Ball, location: 2F
2-2: Ball
3-2: Base on Balls
Batting: RHB Jay Jacobson 0-0: Foul Ball, location: 2F
0-1: Called Strike
0-2: Strikes out swinging
Batting: SHB Paul Sandoval 0-0: Ball
Passed Ball!
Colin Lord to second
1-0: Ground out 5-3 (Groundball, 5, EV 96.2 MPH)
Bottom of the 4th over - 0 runs, 1 hit, 0 errors, 1 left on base; Sacramento 1 - Louisville 3
TOP OF THE 5TH
Sacramento River Cats batting - Pitching for Louisville Bats : LHP Ed Chavez
Batting: LHB Ryan Braden 0-0: Ball
1-0: Called Strike
1-1: Swinging Strike
1-2: Foul Ball, location: 2F
1-2: Ball
2-2: Ground out U3 (Groundball, 3, EV 88.8 MPH)
Batting: RHB Justin Baldwin 0-0: Foul Ball, location: 2F
0-1: Swinging Strike
0-2: Ball
1-2: Foul Ball, location: 2F
1-2: Ground out 4-3 (Groundball, 4, EV 107.5 MPH)
Batting: RHB Matt Shepard 0-0: Foul Ball, location: 2F
0-1: Ground out 4-3 (Groundball, 4, EV 105.0 MPH)
Top of the 5th over - 0 runs, 0 hits, 0 errors, 0 left on base; Sacramento 1 - Louisville 3
BOTTOM OF THE 5TH
Louisville Bats batting - Pitching for Sacramento River Cats : RHP George Kellum
Batting: RHB Won-jun Park 0-0: Called Strike
0-1: Ground out 4-3 (Groundball, 4, EV 93.1 MPH)
Batting: RHB Bruno André 0-0: Foul Ball, location: 2F
0-1: Called Strike
0-2: Strikes out swinging
Batting: SHB Freddie Farrar 0-0: Called Strike
0-1: Called Strike
0-2: SINGLE (Line Drive, 9S, EV 91.9 MPH)
Batting: RHB Jonathan Robies 0-0: Called Strike
0-1: Foul Ball, location: 2F
0-2: Fly out, F9 (Flyball, 9S, EV 88.8 MPH)
Bottom of the 5th over - 0 runs, 1 hit, 0 errors, 1 left on base; Sacramento 1 - Louisville 3
TOP OF THE 6TH
Sacramento River Cats batting - Pitching for Louisville Bats : LHP Ed Chavez
Batting: LHB Willie Ceniceros 0-0: Ball
1-0: SINGLE (Groundball, 34, EV 97.5 MPH)
Batting: LHB Mason Duffy 0-0: Foul Ball, location: 2F
0-1: Ball
1-1: Fly out, F9 (Flyball, 89S, EV 89.4 MPH)
Batting: RHB Dave Crouch 0-0: Called Strike
0-1: Swinging Strike
0-2: SINGLE (Groundball, 6D, EV 98.8 MPH)
Willie Ceniceros to second
Batting: RHB Hugo Zacarias 0-0: Swinging Strike
0-1: Swinging Strike
0-2: Ball
1-2: Ball
2-2: Foul Ball, location: 2F
2-2: Strikes out swinging
Batting: RHB Brian Rogers 0-0: Ball
1-0: Ball
2-0: Called Strike
2-1: Called Strike
2-2: Fielders Choice at 2nd, 6-4 (Groundball, 6, EV 103.1 MPH)
Top of the 6th over - 0 runs, 2 hits, 0 errors, 2 left on base; Sacramento 1 - Louisville 3
BOTTOM OF THE 6TH
Louisville Bats batting - Pitching for Sacramento River Cats : RHP George Kellum
Batting: RHB Juan Reyes 0-0: Called Strike
0-1: Ball
1-1: Ball
2-1: Fly out, F9 (Line Drive, 9, EV 91.9 MPH)
Batting: LHB Satoru Handa 0-0: DOUBLE (Line Drive, 3D, EV 115.0 MPH)
Batting: RHB Colin Lord 0-0: Intentional Walk
Batting: RHB Jay Jacobson 0-0: Foul Ball, location: 2F
0-1: Called Strike
Satoru Handa steals 3rd base
Colin Lord to second
0-2: Ball
1-2: Fly out, F8 (Flyball, 8RM, EV 83.8 MPH)
Batting: SHB Paul Sandoval 0-0: Ball
1-0: Called Strike
1-1: Foul Ball, location: 2F
1-2: Ball
2-2: Ball
3-2: Ground out 4-3 (Groundball, 4D, EV 86.9 MPH)
Bottom of the 6th over - 0 runs, 1 hit, 0 errors, 2 left on base; Sacramento 1 - Louisville 3
TOP OF THE 7TH
Sacramento River Cats batting - Pitching for Louisville Bats : LHP Ed Chavez
Batting: RHB Tyler Mapes 0-0: Swinging Strike
0-1: Ball
1-1: Swinging Strike
1-2: Ball
2-2: Foul Ball, location: 2F
2-2: Foul Ball, location: 2F
2-2: Ball
3-2: Foul Ball, location: 2F
3-2: Base on Balls
Batting: LHB Ryan Braden 0-0: Ball
1-0: Called Strike
Tyler Mapes steals 2nd base
1-1: Ball
2-1: Foul Ball, location: 2F
2-2: Foul Ball, location: 2F
2-2: Foul Ball, location: 2F
2-2: Foul Ball, location: 2F
2-2: Foul Ball, location: 2F
2-2: Ground out 4-3 (Groundball, 4, EV 81.2 MPH)
Tyler Mapes to third
Batting: RHB Justin Baldwin 0-0: Ground out 4-3 (Groundball, 4, EV 87.5 MPH)
Tyler Mapes scores
Batting: RHB Matt Shepard 0-0: Foul Ball, location: 2F
0-1: Ball
1-1: DOUBLE (Line Drive, 78M, EV 96.2 MPH)
Pitching: RHP Tim Beck
Batting: LHB Willie Ceniceros 0-0: Ground out U3 (Groundball, 3S, EV 68.8 MPH)
Top of the 7th over - 1 run, 1 hit, 0 errors, 1 left on base; Sacramento 2 - Louisville 3
BOTTOM OF THE 7TH
Louisville Bats batting - Pitching for Sacramento River Cats : RHP George Kellum
Batting: RHB Won-jun Park 0-0: Ball
1-0: Swinging Strike
1-1: Swinging Strike
1-2: Strikes out swinging
Pitching: RHP Tim Rymut
Batting: RHB Bruno André 0-0: Foul Ball, location: 2F
0-1: Ball
1-1: Ball
2-1: Ball
3-1: SINGLE (Groundball, 56D, EV 97.5 MPH)
Batting: SHB Freddie Farrar 0-0: Called Strike
0-1: Called Strike
0-2: Foul Ball, location: 2F
0-2: Ball
1-2: Strikes out swinging
Batting: RHB Jonathan Robies 0-0: Called Strike
0-1: Ball
1-1: Foul Ball, location: 2F
1-2: Ball
2-2: Foul Ball, location: 2F
2-2: SINGLE (Groundball, 23, EV 68.8 MPH) (infield hit)
Bruno André to second
Batting: RHB Juan Reyes 0-0: Called Strike
0-1: Ball
1-1: Swinging Strike
1-2: Ball
2-2: Fly out, F7 (Flyball, 7S, EV 81.2 MPH)
Bottom of the 7th over - 0 runs, 2 hits, 0 errors, 2 left on base; Sacramento 2 - Louisville 3
TOP OF THE 8TH
Sacramento River Cats batting - Pitching for Louisville Bats : RHP Tim Beck
Batting: LHB Mason Duffy 0-0: Ball
1-0: Swinging Strike
1-1: Ball
2-1: Foul Ball, location: 2F
2-2: Ball
3-2: Fly out, F9 (Flyball, 9S, EV 89.4 MPH)
Batting: LHB Kevin Kantor 0-0: Ball
1-0: Ground out 4-3 (Groundball, 4MS, EV 73.1 MPH)
Batting: RHB Hugo Zacarias 0-0: Foul Ball, location: 2F
0-1: SINGLE (Groundball, 34S, EV 61.2 MPH) (infield hit)
Batting: RHB Brian Rogers 0-0: Foul Ball, location: 2F
0-1: Ground out 4-3 (Groundball, 4, EV 106.9 MPH)
Top of the 8th over - 0 runs, 1 hit, 0 errors, 1 left on base; Sacramento 2 - Louisville 3
BOTTOM OF THE 8TH
Louisville Bats batting - Pitching for Sacramento River Cats : RHP Tim Rymut
Pitching: RHP Jonathan Simi
Batting: LHB Satoru Handa 0-0: Ball
1-0: Ball
2-0: Foul Ball, location: 2F
2-1: Swinging Strike
2-2: Strikes out swinging
Batting: RHB Colin Lord 0-0: Ball
1-0: Foul Ball, location: 2F
1-1: Foul Ball, location: 2F
1-2: Foul Ball, location: 2F
1-2: SINGLE (Flyball, 78S, EV 96.9 MPH)
Batting: RHB Jay Jacobson 0-0: SINGLE (Groundball, 4D, EV 103.8 MPH)
Colin Lord to second
Runner from 2nd tries for 3rd, SAFE, throw by CF made to third
Batting: SHB Paul Sandoval 0-0: Swinging Strike
0-1: Ball
1-1: Ball
2-1: Foul Ball, location: 2F
2-2: Ball
3-2: Strikes out swinging
Batting: RHB Won-jun Park 0-0: Ball
1-0: Fielders Choice at 2nd, 5-4 (Groundball, 56, EV 106.2 MPH)
Bottom of the 8th over - 0 runs, 2 hits, 0 errors, 2 left on base; Sacramento 2 - Louisville 3
TOP OF THE 9TH
Sacramento River Cats batting - Pitching for Louisville Bats : RHP Tim Beck
Pitching: RHP Giovonni Morgia
Batting: RHB Tyler Mapes 0-0: Ball
1-0: Ground out 4-3 (Groundball, 4M, EV 105.6 MPH)
Batting: LHB Ryan Braden 0-0: Ball
1-0: Ground out U3 (Groundball, 3L, EV 86.9 MPH)
Pinch Hitting: LHB Jared Paige 0-0: Foul Ball, location: 2F
0-1: Swinging Strike
0-2: Ball
1-2: Ball
2-2: Strikes out swinging
Top of the 9th over - 0 runs, 0 hits, 0 errors, 0 left on base; Sacramento 2 - Louisville 3
Tuesday, March 28th , 2023 - OOTP Baseball 23.10 Build 110